 Dungeon Crawl Stone Soup version 0.29-a0-337-g68df138881 (webtiles) character file.

Game seed: 10043940586567980773

564 Lekart the Skirmisher (level 7, -8/53 (60) HPs)
             Began as a Green Draconian Chaos Knight on Apr 16, 2022.
             Was a Plaything of Xom.
             Mangled by a two-headed ogre
             ... wielding a +0 giant club
              (16 damage)
             ... on level 5 of the Dungeon.
             The game lasted 00:06:59 (5661 turns).

Lekart the Skirmisher (DrCK)                        Turns: 5661, Time: 00:07:00

HP:   -8/53 (60)    AC:  8    Str: 13 (15) XL:     7   Next: 10%
MP:   7/7           EV: 12    Int:  8 (10) God:    Xom [.*....]
Gold: 236           SH:  0    Dex: 10 (12) Spells: 6/6 levels left

rFire   . . .      SeeInvis .   a - +0 falchion (chaos)
rCold   . . .      Faith    .   (no shield)
rNeg    . . .      Spirit   .   (body armour unavailable)
rPois   +          Reflect  .   (helmet restricted)
rElec   .          Harm     .   (no cloak)
rCorr   .          Rampage  .   (no gloves)
Will    .....                   l - +1 pair of boots
Stlth   +.........              (no amulet)
HPRegen 0.17/turn               (no ring)
MPRegen 0.10/turn               (no ring)

@: short of breath, heavily drained, unable to read
A: breathe noxious fumes, AC +6, unfitting armour, poison resistance,
cold-blooded, dopey 1, inability to read while threatened
a: Breathe Noxious Fumes, Renounce Religion


You were on level 5 of the Dungeon.
You worshipped Xom.
You were a plaything of Xom.
You visited 1 branch of the dungeon, and saw 5 of its levels.

You collected 236 gold pieces.

Inventory:

Hand Weapons
 a - a +0 falchion of chaos (weapon)
 m - a +1 vorpal hunting sling
 v - a +1 morningstar of holy wrath
Missiles
 n - 284 stones
Armour
 l - a +1 pair of boots (worn)
Jewellery
 h - a ring of wizardry
Wands
 x - a wand of flame (5)
Scrolls
 c - a scroll of acquirement {unknown}
 g - 3 scrolls of identify
 i - a scroll of teleportation {unknown}
 j - a scroll of holy word
 o - a scroll of fear {unknown}
 t - 2 scrolls of magic mapping
Potions
 d - a potion of might
 e - 2 potions of heal wounds
 f - 3 potions of curing
 k - 4 potions of attraction
 p - 3 potions of invisibility
Miscellaneous
 b - a piece from Xom's chessboard (4/15) (quivered)


   Skills:
 + Level 4.8 Fighting
 + Level 4.3 Long Blades
 + Level 4.3 Slings
 + Level 3.4 Dodging
 + Level 1.2 Stealth
 + Level 0.1 Evocations


You had 6 spell levels left.
You didn't know any spells.
Your spell library contained the following spells:

 Spells                   Type           Power      Damage    Failure   Level
 Beastly Appendage        Tmut           0%         N/A       41%         1
 Wereblood                Tmut           0%         N/A       54%         2
 Gell's Gravitas          Tloc           0%         N/A       78%         3
 Spider Form              Tmut/Pois      0%         N/A       78%         3
 Teleport Other           Tloc           0%         N/A       78%         3
 Dispersal                Tloc           0%         N/A       100%        6


Dungeon Overview and Level Annotations

Branches:
Dungeon (5/15)
 Temple: D:4-7

Altars:
Cheibriados
Makhleb
Sif Muna
Trog
The Shining One


Innate Abilities, Weirdness & Mutations

You can breathe blasts of noxious fumes.
Your lurid green scales are hard. (AC +6)
You cannot fit into any form of body armour.
Your system is resistant to poisons. (rPois)
You are cold-blooded and may be slowed by cold attacks.
You are dopey. (Int -2)
You sometimes lose the ability to read scrolls when taking damage.


Message History

There is a stone staircase leading up here.
You now have 221 gold pieces (gained 5).
Found a whip.
t - 2 scrolls of magic mapping (gained 1)
Found a stone staircase leading down.
You now have 236 gold pieces (gained 15). 3 orcs come into view.
The orc shouts! x2; You hear a shout! x2; You hear two shouts!
A two-headed ogre comes into view.
It is wielding a +0 giant club and a +0 giant spiked club.
An orc comes into view. It is wielding a +0 mace.
An orc wizard comes into view. It is wielding a +0 dagger.
The orc moves out of view.
An orc comes into view. It is wielding a +0 flail.
There are monsters nearby!
Okay, then.
Aiming: Breathe Noxious Fumes (5% risk of failure)
Press: ? - help, Shift-Dir - straight line, f - two-headed ogre
Aim: a two-headed ogre, wielding a +0 giant club and a +0 giant spiked club (81% to hit)
You exhale a blast of noxious fumes.
The blast of choking fumes hits the two-headed ogre.
The two-headed ogre is lightly wounded.
The two-headed ogre is engulfed in noxious fumes.
The two-headed ogre appears confused.
An orc comes into view. It is wielding a +0 whip.
The orc shouts! x2
The two-headed ogre hits you with a +0 giant club!!
The two-headed ogre hits you with a +0 giant spiked club!!
You feel threatened and lose the ability to read scrolls!
* * * LOW HITPOINT WARNING * * *
An orc priest comes into view. It is wielding a +0 flail.
The orc priest shouts!
The two-headed ogre seems less confused.
The two-headed ogre is engulfed in noxious fumes.
You can read scrolls again.
The two-headed ogre attacks as you move away!
The two-headed ogre barely misses you.
The two-headed ogre hits you with a +0 giant spiked club!
You feel threatened and lose the ability to read scrolls!
You die...
Xom snickers!

...##.#######.....#
..................###
#.#...#######.#.....#
..#......####.......####
)......................>
.<#........###.#.#)..#.#
.##.#..#...# ###.#...#
....#..#...# #.# #.#
.####### ..# #@# .#
........ #######O#####
######## #.......#
##.###.## #...##.#
##.###.# #o# #.# #o# #.#


ooo #.. You could see a two-headed ogre.

Vanquished Creatures
  Sigmund (D:2)
  A necrophage (D:4)
  A hound (D:4)
  A jelly (D:4)
  An orc priest (D:3)
  An iguana (D:5)
  2 orc wizards (D:3)
  6 adders
  A shadow imp (D:5)
  4 worms
  4 dart slugs
  14 orcs
  5 endoplasms
  7 giant cockroaches
  16 goblins
  8 hobgoblins
  4 jackals (D:2)
  5 kobolds
  3 quokkas
  4 ball pythons
  9 frilled lizards
  5 rats (D:1)
103 creatures vanquished.

Notes
Turn   | Place    | Note
-------+----------+-------------------------------------------
     0 | D:1      | Lekart the Draconian Chaos Knight began the quest for the
                  | Orb.
     0 | D:1      | Reached XP level 1. HP: 19/19 MP: 1/1
   122 | D:1      | XOM: divination: magic mapping
   205 | D:1      | Reached XP level 2. HP: 25/26 MP: 2/2
   845 | D:1      | Reached XP level 3. HP: 33/33 MP: 3/3
  1299 | D:2      | Reached XP level 4. HP: 35/40 MP: 4/4
  1402 | D:2      | XOM: silly message
  1467 | D:2      | XOM is BORED!
  1467 | D:2      | XOM: give mutation
  1467 | D:2      | Gained mutation: You are dopey. (Int -2) [Xom's mischief]
  1505 | D:2      | Reached skill level 1 in Slings
  1745 | D:2      | XOM: summons 3 hostile demons
  2110 | D:2      | Noticed Sigmund
  2123 | D:2      | XOM: god gift: dagger {god gift}
  2199 | D:1      | XOM: summons 2 hostile demons
  2386 | D:2      | XOM: confusion
  2387 | D:2      | XOM: swap monsters
  2391 | D:2      | XOM: confusion
  2402 | D:2      | Killed Sigmund
  2403 | D:2      | Reached XP level 5. HP: 43/47 MP: 5/5
  2535 | D:2      | XOM: torment (20/47 hp)
  2584 | D:2      | XOM: summons 4 hostile shadow creatures
  2982 | D:2      | Reached XP level 6. HP: 47/53 MP: 6/6
  3190 | D:3      | XOM: draining
  3373 | D:3      | Found a burning altar of Makhleb.
  3736 | D:3      | XOM: summons 3 hostile shadow creatures
  3911 | D:3      | XOM: give mutation
  3911 | D:3      | Gained mutation: You sometimes lose the ability to read
                  | scrolls when taking damage. [Xom's mischief]
  3978 | D:3      | Found a glowing golden altar of the Shining One.
  4021 | D:3      | Found a bloodstained altar of Trog.
  4292 | D:4      | Reached skill level 1 in Stealth
  4584 | D:4      | Found a snail-covered altar of Cheibriados.
  4700 | D:4      | Found a shimmering blue altar of Sif Muna.
  4775 | D:4      | XOM: cloud trail
  4833 | D:4      | XOM: silly message
  4880 | D:4      | XOM: draining
  4923 | D:4      | Your scales start taking on a lurid green colour.
  4923 | D:4      | Reached XP level 7. HP: 36/51 MP: 7/7
  4923 | D:4      | Gained mutation: Your system is resistant to poisons.
                  | (rPois) [Green Draconian growth]
  5436 | D:5      | Entered Level 5 of the Dungeon
  5609 | D:5      | XOM: silly message
  5653 | D:5      | Noticed a two-headed ogre
  5661 | D:5      | Mangled by a two-headed ogre

Illustrated notes

Levels and vault maps discovered:
D:1:      dpeg_arrival_pond, layout_loops_ring, minmay_misc_feat_roman
D:2:      layout_basic, guppyfry_early_orc_mine, uniq_sigmund
D:3:      layout_loops_corners, mainiacjoe_overflow_catwalk,
          mainiacjoe_overflow_alcove_1, bloody_trog, minmay_goblin_outpost
D:4:      layout_basic, mainiacjoe_overflow_chevrons, cheibrodos_worm_habitat,
          due_unseen_surprise
D:5:      layout_basic, mainiacjoe_overflow_alcove_2, ebering_ghost_inner_flame,
          grunt_decor_fettered, minivault_26, minivault_23

Skill      XL: |  1  2  3  4  5  6 |
---------------+-------------------+-----
Fighting       | 4 |  4.8
Slings         | 3 4 |  4.3
Dodging        | 3 |  3.4
Long Blades    | 4 |  4.3
Stealth        | 1 |  1.2
Evocations     | |  0.1

Action                   |  1- 3 |  4- 6 |  7- 9 || total
-------------------------+-------+-------+-------++-------
Melee: Falchion          |    63 |   122 |    16 ||   201
       Tailslap          |     8 |    16 |     3 ||    27
       Punch             |       |     1 |       ||     1
 Fire: Hunting sling     |    32 |   155 |       ||   187
 Abil: Breathe Noxious F |       |       |     2 ||     2
Evoke: Piece from Xom's  |       |       |    11 ||    11
  Use: Scroll            |       |    12 |       ||    12
       Potion            |       |     4 |       ||     4
 Stab: Sleeping          |     1 |       |     1 ||     2
       Petrifying        |       |       |     1 ||     1
       Paralysed         |       |       |     1 ||     1
Armor: Skin              |    26 |   115 |     3 ||   144
Dodge: Dodged            |    42 |   159 |     9 ||   210

Table legend: (Time is in decaauts)
 A = Elapsed time spent in this place.
 B = Non-inter-level travel time spent in this place.
 C = Inter-level travel time spent in this place.
 D = Time resting spent in this place.
 E = Time spent auto-exploring this place.
 F = Levels seen in this place.
 G = Mean time per level.
                   A        B        C        D        E       F      G
               +--------+--------+--------+--------+--------+-----+--------+
         Total |   5752 |   5569 |    183 |    657 |   3912 |   5 | 1150.4 |
       Dungeon |   5752 |   5569 |    183 |    657 |   3912 |   5 | 1150.4 |
               +--------+--------+--------+--------+--------+-----+--------+

Top non-repeatable levels by time:
     D:2: 1667 daAuts
     D:1: 1507 daAuts
     D:4: 1236 daAuts
     D:3: 1115 daAuts
     D:5: 225 daAuts
